 Dungeon Crawl Stone Soup version 0.30.0-5-g1a98f26d00 (webtiles) character file.

Game seed: 8301828470556365513

240 nattipoika the Chopper (level 6, -8/55 HPs)
             Began as a Hill Orc Fighter on May 9, 2023.
             Mangled by Menkaure (17 damage)
             ... on level 4 of the Dungeon.
             The game lasted 00:56:58 (3071 turns).

nattipoika the Chopper (Hill Orc Fighter)           Turns: 3071, Time: 00:57:05

Health: -8/55      AC: 12    Str: 21    XL:     6   Next: 8%
Magic:  6/6        EV:  3    Int:  8    God:
Gold:   219        SH: 12    Dex: 10    Spells: 5/5 levels left

rFire   . . .        a - +0 war axe
rCold   . . .        j - +0 tower shield
rNeg    . . .        d - +0 plate armour
rPois   .            (no helmet)
rElec   .            (no cloak)
rCorr   .            (no gloves)
SInv    .            o - +0 pair of boots
Will    .....        (no amulet) Stlth
                     (no ring)
HPRegen 0.29/turn    (no ring)
MPRegen 0.10/turn

%: no passive effects
@: no status effects
A: no striking features
a: no special abilities


You were on level 4 of the Dungeon.
You visited 1 branch of the dungeon, and saw 4 of its levels.

You collected 219 gold pieces.

Inventory:

Hand Weapons
 a - a +0 war axe (weapon)
 i - a +0 dagger
 l - a +0 short sword of speed
 s - a +2 dagger of protection
Armour
 c - a +0 buckler
 d - a +0 plate armour (worn)
 h - a +4 ring mail of willpower
 j - a +0 tower shield (worn)
 o - a +0 pair of boots (worn)
 q - a +0 ring mail
 z - a +0 scale mail
Magical Staves
 x - a staff of cold
Scrolls
 g - 2 scrolls of teleportation
 m - 2 scrolls of blinking
 n - a scroll of fog {unknown}
 p - a scroll of magic mapping
 t - 2 scrolls of poison
 y - a scroll of fear
Potions
 e - a potion of degeneration
 f - a potion of curing
 k - a potion of invisibility
 r - 2 potions of haste
 u - 2 potions of lignification
 v - a potion of ambrosia


   Skills:
 + Level 4.9 Fighting
 + Level 5.2 Axes
 + Level 4.0 Armour
 + Level 1.0 Dodging
 + Level 0.5 Stealth
 + Level 4.2 Shields


You had 5 spell levels left.
You didn't know any spells.
Your spell library contained the following spells:

 Spells                   Type           Power      Damage    Failure   Level
 Necrotise                Necr           0%         1d4       100%        1
 Shock                    Conj/Air       0%         1d3       100%        1
 Sublimation of Blood     Necr           0%         N/A       100%        2
 Swiftness                Air            0%         N/A       100%        3
 Vampiric Draining        Necr           0%         2d6       100%        3
 Airstrike                Air            0%         2d(0-16)  100%        4
 Petrify                  Tmut/Erth      0%         N/A       100%        4
 Agony                    Necr           0%         N/A       100%        5
 Irradiate                Conj/Tmut      0%         3d11      100%        5


Dungeon Overview and Level Annotations

Branches:
Dungeon (4/15)             Temple (0/1) D:4

Altars:
Sif Muna

Shops:
D:1 =   D:3 [

Annotations:
D:4 Blork the orc, Menkaure


Message History

You block Menkaure's attack. The orc barely misses you.
Menkaure barely misses you.
You completely miss Menkaure.
Menkaure is moderately damaged.
You closely miss the orc. You block the orc's attack.
Menkaure barely misses you.
You hit Menkaure.
Menkaure is heavily damaged.
You slash the orc!
You kill the orc!
Menkaure hits you.
You hit Menkaure but do no damage.
Menkaure is heavily damaged.
Menkaure hits you!!
You hit Menkaure but do no damage.
Menkaure is heavily damaged.
Menkaure shouts, "You disturbed my rest!
Die!"
Menkaure hits you!
* * * LOW HITPOINT WARNING * * *
You feel much better. You block Menkaure's attack.
You barely miss Menkaure.
Menkaure is heavily damaged.
Menkaure giggles, "These cerements are ticklish..."
Menkaure hits you.
* * * LOW HITPOINT WARNING * * *
You feel better. Menkaure hits you!
* * * LOW HITPOINT WARNING * * *
You hit Menkaure but do no damage.
Menkaure is heavily damaged.
You block Menkaure's attack.
You feel better.
Menkaure mumbles some strange words.
Menkaure seems to speed up.
You slash Menkaure!
Menkaure is almost destroyed.
Menkaure calls on the powers of darkness!
Your body is wracked with pain!
* * * LOW HITPOINT WARNING * * *
Menkaure hits you!
You die...

#.. .... ..## #...# ...##....#
.#####. ........ #......# .....#
###.## .......# .... #####....###
M ......# ##.#..#..........#
..##..#.###))#.............#
..........M@)...............
...≈≈≈≈≈............####.........
.~≈≈≈≈≈≈≈≈....##....#.##.........
≈≈~~≈≈≈≈≈≈≈≈..#..>............#
≈≈≈~...≈≈≈≈≈≈.............##..##
≈≈≈≈.>.≈≈≈≈≈≈..........####....##
≈≈≈≈...≈≈≈≈≈≈........<...s..##.#.
≈≈≈≈≈≈≈≈≈≈≈≈≈.###.........>.##...
≈≈≈≈≈≈≈≈≈≈≈≈..###..............#.


You could see Menkaure (fast).

Vanquished Creatures
  A scorpion (D:4)
  A jelly (D:4)
  A sleepcap (D:4)
  An orc wizard (D:3)
  An adder (D:2)
  An ufetubus (D:4)
  A worm (D:2)
  A dart slug (D:4)
  7 orcs
  8 endoplasms
  6 giant cockroaches
  2 goblins
  4 hobgoblins
  6 quokkas
  11 ball pythons
  12 bats
  A frilled lizard (D:3)
  7 kobolds
  5 rats
77 creatures vanquished.

Notes
Turn   | Place    | Note
-------+----------+-------------------------------------------
     0 | D:1      | nattipoika the Hill Orc Fighter began the quest for the
                  | Orb.
     0 | D:1      | Reached XP level 1. HP: 19/19 MP: 1/1
    65 | D:1      | Found Roojidd's Jewellery Shop.
   241 | D:1      | Reached XP level 2. HP: 27/27 MP: 2/2
   948 | D:2      | Reached skill level 3 in Axes
  1121 | D:2      | Reached XP level 3. HP: 33/33 MP: 3/3
  1599 | D:2      | Reached XP level 4. HP: 38/40 MP: 4/4
  1737 | D:3      | Identified the +1 plate armour of the Battered Knives {rC+}
  1745 | D:3      | Reached skill level 4 in Axes
  2108 | D:3      | Found Goavaffacwa's Antique Armour Shoppe.
  2539 | D:4      | Noticed a scorpion
  2631 | D:4      | Killed a scorpion
  2632 | D:4      | Reached XP level 5. HP: 47/47 MP: 5/5
  2663 | D:4      | Found a staircase to the Ecumenical Temple.
  2688 | D:4      | Noticed Blork the orc
  2694 | D:4      | Found a shimmering blue altar of Sif Muna.
  2764 | D:4      | Reached skill level 5 in Axes
  2864 | D:4      | Reached XP level 6. HP: 55/55 MP: 6/6
  3046 | D:4      | Noticed Menkaure
  3055 | D:4      | Reached skill level 1 in Dodging
  3071 | D:4      | Mangled by Menkaure

Illustrated notes

Levels and vault maps discovered:
D:1:      spicycebolla_green_bress_n_ham_2, layout_loops_ring, serial_shops,
          nicolae_square_shop, minmay_pentomino_t4
D:2:      minmay_razor_zed, layout_basic
D:3:      layout_loops_ring, serial_shops, shop
D:4:      layout_cave_pools, tgw_sif, temple_pool_b, uniq_menkaure

Skill      XL: |  1  2  3  4  5  6 |
---------------+-------------------+-----
Axes           | 3 4 5 |  5.2
Fighting       | 4 |  4.9
Shields        | 4 |  4.2
Armour         | 4 |  4.0
Dodging        | 1 |  1.0
Stealth        | |  0.5

Action                     |  1- 3 |  4- 6 || total
---------------------------+-------+-------++-------
  Melee: War axe           |   109 |    83 ||   192
    Use: Scroll            |     7 |     3 ||    10
         Potion            |     1 |     8 ||     9
 Armour: Ring mail         |    57 |    26 ||    83
         Scale mail        |     1 |       ||     1
         Plate armour      |       |     4 ||     4
  Dodge: Dodged            |    40 |    21 ||    61
  Block: Buckler           |     8 |       ||     8
         Tower shield      |    67 |    59 ||   126
